 Dungeon Crawl Stone Soup version 0.16-a0-3153-gc6d0c83 (webtiles) character file.

800 MackTheKnife the Poker (level 7, -10/66 HPs)
             Began as a Naga Artificer on Dec 15, 2014.
             Was a Follower of Nemelex Xobeh.
             Mangled by an orc warrior
             ... wielding a +0 halberd
              (21 damage)
             ... on level 6 of the Dungeon.
             The game lasted 00:17:43 (7091 turns).

MackTheKnife the Poker (Naga Artificer)             Turns: 7091, Time: 00:17:44

Health: -10/66     AC:  3    Str: 13    XL:     7   Next: 90%
Magic:  10/10      EV:  9    Int: 13    God:    Nemelex Xobeh [*.....]
Gold:   289        SH:  0    Dex: 13    Spells: 0 memorised, 6 levels left

rFire  . . .     SeeInvis +     h - +0 halberd (curse)
rCold  . . .     Clarity  .     i - +0 leather armour (curse)
rNeg   . . .     SustAb   .     (no shield)
rPois  +         Gourm    .     (no helmet)
rElec  .         Spirit   .     (no cloak)
rCorr  .         Warding  .     (no gloves)
rMut   .         Stasis   .     (no barding)
MR     .....                    (no amulet)
Stlth  ++........               (no ring)
                                (no ring)

@: short of breath, very slow, not resistant to hostile enchantments, unstealthy
A: spit poison, see invisible, deformed body, poison resistance, slowness 2, AC
+2
a: Spit Poison, Renounce Religion


You were on level 6 of the Dungeon.
You worshipped Nemelex Xobeh.
Nemelex Xobeh was aware of your devotion.
You were very hungry.

You visited 2 branches of the dungeon, and saw 7 of its levels.

You collected 289 gold pieces.


Innate Abilities, Weirdness & Mutations

You cannot wear boots.
You can spit poison.
Your serpentine skin is tough (AC +2).
You have supernaturally acute eyesight.
Armour fits poorly on your strangely shaped body.
Your system is resistant to poisons.
You cover ground very slowly.


   Skills:
 - Level 4.5 Fighting
   Level 1.0 Short Blades
 + Level 7.1 Polearms
 - Level 1.5 Dodging
 - Level 1.5 Stealth
 - Level 3.0 Evocations


You had 6 spell levels left.
You didn't know any spells.

Inventory:

Hand weapons
 h - a cursed +0 halberd (weapon)
Missiles
 g - 22 stones (quivered)
Armour
 e - a +1 leather armour
 i - a cursed +0 leather armour (worn)
Jewellery
 s - an uncursed ring of fire
Magical devices
 b - a wand of flame (2)
 c - a wand of enslavement (15)
 m - a wand of disintegration (19)
 t - a wand of lightning (0)
Scrolls
 l - a scroll of enchant weapon
 q - 2 scrolls of remove curse
Potions
 d - a potion of cure mutation
 o - a potion of berserk rage
 p - 2 potions of haste
Comestibles
 f - 3 bread rations
 j - a meat ration
 k - 4 fruits
 n - a slice of pizza

..#.#.#.#.........+..........
..................#..........
..#.#.#.#.........#..........
...........#####'###..........
...........##.....#.......#+##
...####....##.....#.......#
##....##.....'.......#
#.....#......#.......+
#....o#.N....#.......#
+.....#......#.......#
#.>...o......#.......#
##....#......#.......#
####+###+####...... ...... ...


You could see an orc warrior.


Message History

Zapping:
t - a wand of lightning (will waste charges)
Aim: an orc warrior, wielding a halberd and wearing a chain mail (moderately wounded, poisoned)
You hear a mighty clap of thunder!
The bolt of lightning hits the orc warrior.
The orc warrior is severely wounded.
Evoking this partially-identified wand wasted a few charges.
You hear a shout!
Unknown command.
Evoke which item? (* to show all) (? for menu, Esc to quit)
Zapping:
t - a wand of lightning {zapped: 2} (will waste charges)
Aim: an orc warrior, wielding a halberd and wearing a chain mail (severely wounded, poisoned)
You hear a mighty clap of thunder!
The bolt of lightning misses the orc warrior.
Evoking this partially-identified wand wasted a few charges.
The orc warrior hits you from afar with a halberd!
* * * LOW HITPOINT WARNING * * *
Unknown command.
Evoke which item? (* to show all) (? for menu, Esc to quit)
Okay, then.
Unknown command.
Drink which item? (? for menu, Esc to quit)
Okay, then.
Evoke which item? (* to show all) (? for menu, Esc to quit)
Zapping:
t - a wand of lightning {zapped: 4} (will waste charges)
Aim: an orc warrior, wielding a halberd and wearing a chain mail (severely wounded, poisoned) Nothing appears to happen.
You are firmly grounded in the material plane once more.
The orc warrior hits you from afar with a halberd!!
You die...
Your body disappears without a glow.

Action                   |  1- 3 |  4- 6 |  7- 9 || total
-------------------------+-------+-------+-------++-------
Melee: Mace              |    73 |    62 |       ||   135
       Short sword       |     1 |       |       ||     1
       Halberd           |       |   190 |    71 ||   261
Throw: Stone             |     7 |     1 |     5 ||    13
 Abil: Spit Poison       |    21 |    47 |    10 ||    78
Evoke: Wand              |    17 |    11 |     2 ||    30
       Deck              |       |       |     6 ||     6
  Use: Scroll            |     4 |     3 |     2 ||     9
       Potion            |     2 |     6 |     1 ||     9
 Stab: Sleeping          |     1 |       |     1 ||     2
       Paralysed         |     1 |     5 |       ||     6
       Distracted        |       |     1 |       ||     1
  Eat: Chunk             |     5 |    12 |     3 ||    20
       Bread ration      |       |     1 |       ||     1

Vault maps used:
D:1:      tarquinn_simple_flora_water_b
D:2:      minivault_25
D:3:      grunt_qazlal_clouds
D:4:      grunt_temple_overflow_open, minmay_temple_entry_poolview
D:5:      first_bread
D:6:      serial_shops, shop, serial_glass, glass_columns_b, glass_columns_c,
          glass_columns_a, glass_columns_c, glass_columns_c, uniq_menkaure
Temple:   corrupted_temple

Notes
Turn   | Place    | Note
--------------------------------------------------------------
     0 | D:1      | MackTheKnife, the Naga Artificer, began the quest for the Orb.
     0 | D:1      | Reached XP level 1. HP: 18/18 MP: 1/1
   376 | D:1      | Reached skill level 2 in Fighting
   376 | D:1      | Reached XP level 2. HP: 16/26 MP: 3/3
  1388 | D:2      | Reached XP level 3. HP: 17/33 MP: 4/4
  1562 | D:2      | Reached skill level 3 in Fighting
  1562 | D:2      | HP: 3/34 [shot self (8)]
  1563 | D:2      | HP: 1/34 [poisoned by an adder]
  2051 | D:2      | Reached XP level 4. HP: 25/44 MP: 6/6
  2406 | D:2      | Reached skill level 4 in Fighting
  3458 | D:3      | Reached skill level 1 in Polearms
  3458 | D:3      | Reached XP level 5. HP: 29/51 MP: 7/7
  3776 | D:3      | Reached skill level 2 in Polearms
  3966 | D:3      | Found a stormy altar of Qazlal.
  4123 | D:3      | Reached skill level 3 in Polearms
  4134 | D:3      | Reached XP level 6. HP: 45/58 MP: 9/9
  4367 | D:4      | Found a glowing silver altar of Zin.
  4368 | D:4      | Found a basalt altar of Yredelemnul.
  4533 | D:4      | Found a shimmering altar of Xom.
  4533 | D:4      | Found a bloodstained altar of Trog.
  4533 | D:4      | Found a white marble altar of Elyvilon.
  4534 | D:4      | Found a blossoming altar of Fedhas.
  4613 | D:4      | Reached skill level 4 in Polearms
  4987 | D:4      | Found a staircase to the Ecumenical Temple.
  4997 | Temple   | Entered the Ecumenical Temple
  5011 | Temple   | Became a worshipper of Nemelex Xobeh the Trickster
  5055 | D:4      | Received a gift from Nemelex Xobeh
  5272 | D:4      | Reached skill level 5 in Polearms
  5272 | D:4      | Reached XP level 7. HP: 28/66 MP: 10/10
  5589 | D:5      | Entered Level 5 of the Dungeon
  6291 | D:5      | Reached skill level 6 in Polearms
  6947 | D:6      | Noticed Menkaure
  6953 | D:6      | Killed Menkaure
  6953 | D:6      | Reached skill level 7 in Polearms
  7091 | D:6      | Mangled by an orc warrior

Vanquished Creatures
  An ogre (D:4)
  A quasit (D:4)
  A hound (D:3)
  A jelly (D:5)
  2 orc wizards
  3 orc priests
  A worker ant (D:3)
  9 adders
  3 gnolls (D:3)
  4 worms
  An adder skeleton (D:4)
  2 giant geckos
  2 oozes
  13 orcs
  2 ball pythons
  A bat skeleton (D:4)
  11 goblins
  12 hobgoblins
  4 jackals (D:5)
  A quokka (D:2)
  6 bats
  5 giant cockroaches
  3 giant newts
  A jackal skeleton (D:6)
  4 kobolds
  10 rats
104 creatures vanquished.

Vanquished Creatures (collateral kills)
  Menkaure (D:6)
  A water moccasin (D:5)
  A sky beast (D:6)
3 creatures vanquished.

Grand Total: 107 creatures vanquished
